[Event "*** Titled Tuesday Blitz"]
[Site "Chess.com"]
[Date "2019.09.03"]
[Round "4"]
[White "Last7Samurai"]
[Black "jefferyx"]
[Result "0-1"]
[WhiteElo "2777"]
[BlackElo "2952"]
[TimeControl "180+2"]
[EndTime "15:51:13 PDT"]
[Termination "jefferyx won by checkmate"]

1. e4 c6 2. d4 d5 3. f3 Qb6 4. Nc3 dxe4 5. Nxe4 Nf6 6. c3 Nbd7 7. Bd3 g6 8. Ne2 Bg7 9. O-O O-O 10. Kh1 e5 11. Qb3 exd4 12. Nxd4 Nxe4 13. Bxe4 Nc5 14. Qxb6 axb6 15. Bc2 Re8 16. Bf4 Be6 17. Nxe6 Rxe6 18. a4 Re2 19. Rfc1 b5 20. a5 Rd8 21. Kg1 Ne6 22.
Bg3 Rdd2 23. Bd1 Rxg2+ 24. Kf1 Nc5 25. f4 Ne4 26. Be1 Rxb2 27. Bf3 Rbf2+ 28. Bxf2 Rxf2+ 29. Kg1 Rxf3 30. a6 bxa6 31. Rxa6 Bxc3 32. Rxc6 Bd4+ 33.
Kg2 Rf2+ 34. Kh1 Rxf4 35. Rc8+ Kg7 36. Rb8 b4 37. Rxb4 Nf2+ 38. Kg2 Nd3 39. Rxd4 Rxd4 40.
Rd1 Nf4+ 41. Kh1 Rxd1# 0-1

[Event "*** Titled Tuesday Blitz"]
[Site "Chess.com"]
[Date "2019.09.03"]
[Round "4"]
[White "rikyshi"]
[Black "Gubajdullin"]
[Result "0-1"]
[WhiteElo "2218"]
[BlackElo "2615"]
[TimeControl "180+2"]
[EndTime "15:51:13 PDT"]
[Termination "Gubajdullin won by resignation"]

1. d4 f5 2. Bg5 g6 3. Nc3 Bg7 4. Nf3 Nf6 5. e3 O-O 6. Bd3 c5 7. Qd2 h6 8. Bf4 cxd4 9. exd4 g5 10. Be5 d6 11. Bxf6 Rxf6 12. O-O-O e6 13. Rde1 Na6 14.
h4 g4 15. Nh2 Nb4 16. Bc4 d5 17. Bf1 Rf7 18. g3 Rc7 19. f3 h5 20. fxg4 hxg4 21. Bg2 Bd7 22. Kb1 Rac8 23. a3 Rxc3 24. bxc3 Nc6 25. Bf1 Qa5 26. Kb2 Nxd4 27. Bd3 Nb5 0-1

[Event "*** Titled Tuesday Blitz"]
[Site "Chess.com"]
[Date "2019.09.03"]
[Round "4"]
[White "Ginzburg_Yakov"]
[Black "HarryCun"]
[Result "0-1"]
[WhiteElo "2519"]
[BlackElo "2119"]
[TimeControl "180+2"]
[EndTime "15:51:13 PDT"]
[Termination "HarryCun won by resignation"]

1. e3 Nf6 2. d4 e6 3. Nf3 b6 4. c4 Bb7 5. a3 Be7 6. Nc3 O-O 7. Bd3 d6 8. O-O Nbd7 9. e4 c5 10. d5 e5 11. b4 g6 12. Ne2 Nh5 13. g4 Ng7 14. Bh6 Bf6 15. Qd2 Re8 16. Ng3 a5 17. Kh1 axb4 18. axb4 Qc7 19. b5 Ra5 20. Rxa5 bxa5 21.
h4 Ra8 22. Rg1 a4 23. Bb1 Qa5 24. Qe2 a3 25. Ba2 Qc3 26. Rc1 Qb2 27. Rc2 Qb4 28.
Bd2 Qa4 29. h5 Qxc2 0-1

[Event "*** Titled Tuesday Blitz"]
[Site "Chess.com"]
[Date "2019.09.03"]
[Round "4"]
[White "saraswathii"]
[Black "Colombiano07"]
[Result "1-0"]
[WhiteElo "2298"]
[BlackElo "2186"]
[TimeControl "180+2"]
[EndTime "15:51:20 PDT"]
[Termination "saraswathii won by resignation"]

1. e4 c5 2. Nf3 g6 3. d3 Nc6 4. g3 Bg7 5. Bg2 e5 6. O-O Nge7 7. c3 d6 8. a3 Bg4 9. b4 b6 10. Nbd2 Qd7 11. Nc4 O-O 12. Ne3 Bh3 13. b5 Na5 14. c4 Bxg2 15. Kxg2 h6 16. Bd2 Nb7 17. Qc1 f5 18.
Nd5 Nxd5 19. cxd5 g5 20. a4 Qf7 21. Ne1 f4 22. f3 a5 23. bxa6 Rxa6 24. Qb2 Rfa8 25. Nc2 Bf6 26. Qb5 Bd8 27. Rfb1 Kf8 28. Qc6 Qc7 29. Qb5 Ke7 30. Qb3 Qd7 31. a5 Nxa5 32. Bxa5 Rxa5 33. Rxa5 Rxa5 34. Na3 Qa7 35. Nc4 Ra2+ 36. Kh1 Qa4 37. gxf4 gxf4 38. Nxb6 Bxb6 39. Qxb6 Qd7 40. Qb8 Ra7 41. Rg1 Kf6 42. Qh8+ 1-0

[Event "*** Titled Tuesday Blitz"]
[Site "Chess.com"]
[Date "2019.09.03"]
[Round "4"]
[White "grzechu96"]
[Black "platy3"]
[Result "0-1"]
[WhiteElo "2580"]
[BlackElo "2866"]
[TimeControl "180+2"]
[EndTime "15:51:21 PDT"]
[Termination "platy3 won by resignation"]

1. e4 c5 2. Nf3 d6 3. d4 cxd4 4.
Nxd4 Nf6 5. Nc3 a6 6. Bd3 e5 7. Nde2 Be7 8. O-O O-O 9. Ng3 g6 10. Bh6 Re8 11. h3 b5 12. a4 b4 13. Nd5 Nxd5 14. exd5 f5 15. a5 Bg5 16. Bxg5 Qxg5 17. Qe1 e4 18. f4 Qe7 19. Bc4 Qa7+ 20. Kh2 Qc5 21. b3 Bd7 22. Ne2 Bb5 23. Bxb5 axb5 24. Qd2 Nd7 25. Rfd1 e3 26. Qd3 Nf6 27.
Qd4 Ne4 28. Qxc5 dxc5 29. a6 Nd6 30. a7 Re7 31. Ra6 Rd7 32. Rda1 Kf7 33. Rc6 Ke7 34. Rxc5 Raxa7 35. Rxa7 Rxa7 36. Kg3 Ne4+ 0-1

[Event "*** Titled Tuesday Blitz"]
[Site "Chess.com"]
[Date "2019.09.03"]
[Round "4"]
[White "chesstatour"]
[Black "nitpicker"]
[Result "0-1"]
[WhiteElo "2019"]
[BlackElo "2230"]
[TimeControl "180+2"]
[EndTime "15:51:21 PDT"]
[Termination "nitpicker won on time"]

1. c4 e5 2. Nc3 Nf6 3. Nf3 Nc6 4. d4 exd4 5. Nxd4 Bb4 6. Nc2 a5 7. g3 O-O 8. Bg2 h6 9. O-O d6 10. Nd5 Bc5 11. Be3 Bxe3 12. Ncxe3 Ne5 13. Qd2 a4 14. Rfd1 Rb8 15. Qb4 Bd7 16. Rac1 b6 17. h3 Re8 18.
Kh2 Ng6 19. Qc3 Ne4 20. Qc2 Nxf2 21. Rf1 c6 22. Nf4 Nxf4 23. gxf4 Nxh3 24. Qd3 Qh4 0-1

[Event "*** Titled Tuesday Blitz"]
[Site "Chess.com"]
[Date "2019.09.03"]
[Round "4"]
[White "Jahonas"]
[Black "gemarin"]
[Result "1-0"]
[WhiteElo "2413"]
[BlackElo "2091"]
[TimeControl "180+2"]
[EndTime "15:51:22 PDT"]
[Termination "Jahonas won on time"]

1. d4 Nf6 2. c4 g6 3. Nf3 d5 4. Nc3 Bg7 5. h4 h5 6. Ne5 c6 7. e3 Nbd7 8. cxd5 cxd5 9. Bb5 a6 10. Ba4 O-O 11. Bb3 Nxe5 12. dxe5 Ng4 13. Qxd5 Nxe5 14.
Qxd8 Rxd8 15. O-O Bf6 16. g3 Bh3 17. Rd1 Bg4 18. Rxd8+ Rxd8 19. Nd5 Bf3 20. Nxf6+ exf6 21. e4 Nd3 22. Be3 Nxb2 23. Bd5 b5 24. Rc1 f5 25. Rc7 fxe4 26. Bd4 g5 27. Bxf7+ Kf8 28. Bc5+ Kg7 29. Bxh5+ Kh6 30. Bxf3 exf3 31. Be3 Nc4 32. Bxg5+ Kg6 33.
Bxd8 1-0

[Event "*** Titled Tuesday Blitz"]
[Site "Chess.com"]
[Date "2019.09.03"]
[Round "4"]
[White "GianmarcoVaR"]
[Black "Lunaticx"]
[Result "0-1"]
[WhiteElo "2580"]
[BlackElo "2844"]
[TimeControl "180+2"]
[EndTime "15:51:23 PDT"]
[Termination "Lunaticx won on time"]

1. d4 Nf6 2. c4 e6 3. g3 Bb4+ 4. Bd2 Be7 5. Bg2 d5 6. Nf3 O-O 7. O-O c6 8. Qc2 Nbd7 9. Rd1 Ne4 10. Bc1 f5 11. b3 Re8 12. Ba3 Bf6 13. Bb2 b6 14. Ne5 Bb7 15. Nd2 Rc8 16. Rac1 Qe7 17. e3 Bxe5 18. dxe5 c5 19. h4 Nf8 20. Nf1 dxc4 21.
bxc4 Ng6 22. f3 Nxg3 23. Nxg3 Nxh4 24. Kf2 Rf8 25. Rh1 f4 26. exf4 Rxf4 27. Ne2 Rf5 28. Rh3 Rcf8 29. Rch1 Nxg2 30. Kxg2 Qg5+ 31. Ng3 Bxf3+ 32.
Kh2 Bxh1 33. Nxf5 Rxf5 34. Kxh1 Rf1+ 0-1

[Event "*** Titled Tuesday Blitz"]
[Site "Chess.com"]
[Date "2019.09.03"]
[Round "4"]
[White "SimonKnightRivendell"]
[Black "icychess54"]
[Result "1-0"]
[WhiteElo "2035"]
[BlackElo "2207"]
[TimeControl "180+2"]
[EndTime "15:51:24 PDT"]
[Termination "SimonKnightRivendell won by checkmate"]

1. d4 d5 2. Nf3 c6 3. e3 Nf6 4.
Bd3 e6 5. Nbd2 Nbd7 6. Qe2 Bd6 7.
e4 dxe4 8. Nxe4 Nxe4 9. Bxe4 O-O 10. Bg5 Be7 11. h4 h6 12. O-O-O Nb6 13. Bxe7 Qxe7 14.
g4 f5 15. gxf5 exf5 16. Bd5+ Nxd5 17. Ne5 f4 18. Rhg1 Bf5 19. c4 Nb4 20. b3 c5 21.
Rde1 cxd4 22. Qd2 Nc6 23. Nd3 Qa3+ 24. Kd1 Rae8 25. Rxe8 Rxe8 26. Nxf4 Nb4 27. Qxd4 Re7 28. Qd8+ Kf7 29. Rxg7+ Kxg7 30. Qxe7+ Kg8 31. Qe8+ Kg7 32. Nh5+ Kh7 33. Qf7+ Kh8 34. Qg7# 1-0

[Event "*** Titled Tuesday Blitz"]
[Site "Chess.com"]
[Date "2019.09.03"]
[Round "4"]
[White "vova-79"]
[Black "yiy1156"]
[Result "0-1"]
[WhiteElo "2393"]
[BlackElo "2565"]
[TimeControl "180+2"]
[EndTime "15:51:27 PDT"]
[Termination "yiy1156 won by resignation"]

1. d4 Nf6 2. c4 c5 3. d5 b5 4. cxb5 a6 5. bxa6 Bxa6 6. Nc3 d6 7. e4 Bxf1 8. Kxf1 g6 9. g3 Bg7 10. Kg2 Nbd7 11. Nf3 O-O 12. a4 Ra6 13. Qc2 Qa8 14. Ra3 Rc8 15. Rd1 Ng4 16. Bg5 h6 17. Bc1 Nge5 18.
Nxe5 Nxe5 19. Nb5 c4 20. Be3 Nd3 21. Bd4 e6 22. Bxg7 Kxg7 23. Nc3 Rc5 24. f3 Rb6 25.
Rb1 Rxb2 26. Rxb2 Ne1+ 27. Kf2 Nxc2 28. Rxc2 Qa7 29. Kg2 Ra5 30. Nb5 Rxb5 0-1

[Event "*** Titled Tuesday Blitz"]
[Site "Chess.com"]
[Date "2019.09.03"]
[Round "4"]
[White "TenisMaster"]
[Black "Potosino1970"]
[Result "1-0"]
[WhiteElo "2786"]
[BlackElo "2575"]
[TimeControl "180+2"]
[EndTime "15:51:32 PDT"]
[Termination "TenisMaster won by resignation"]

1. d4 Nf6 2. c4 e6 3. Nf3 Bb4+ 4. Bd2 Qe7 5. g3 Bxd2+ 6. Qxd2 O-O 7. Nc3 d5 8. Bg2 Nc6 9. Ne5 dxc4 10. Nxc4 Rd8 11. e3 e5 12. d5 e4 13. O-O Nb4 14. d6 cxd6 15. Nxe4 Nxe4 16. Qxb4 Bf5 17. Rad1 Rac8 18. Rd4 Qe6 19. Bxe4 Bxe4 20. Nxd6 a5 21. Nxc8 Rxc8 22. Qd2 h5 23. f3 Rc2 24. Rd8+ Kh7 25. Qd7 Qb6 26. Qd4 Qxd4 27. Rxd4 Bc6 28. Rf2 Rc1+ 29. Kg2 Re1 30. e4 g5 31. Rfd2 g4 32. Kf2 Rh1 33.
fxg4 hxg4 34. Ke3 Rf1 35. Rf2 Re1+ 36. Kd2 1-0

[Event "*** Titled Tuesday Blitz"]
[Site "Chess.com"]
[Date "2019.09.03"]
[Round "4"]
[White "ace_mar"]
[Black "FontVella8"]
[Result "1-0"]
[WhiteElo "2332"]
[BlackElo "2485"]
[TimeControl "180+2"]
[EndTime "15:51:32 PDT"]
[Termination "ace_mar won by checkmate"]

1. d4 Nf6 2. c4 e6 3. g3 d5 4. Nf3 Be7 5. Bg2 O-O 6. O-O dxc4 7.
Qc2 a6 8. a4 Bd7 9. Qxc4 Bc6 10.
Bf4 Nbd7 11. Nc3 Nb6 12. Qd3 Nbd5 13. Nxd5 Bxd5 14. Ne5 Bxg2 15. Kxg2 Qd5+ 16. f3 Rfd8 17. Rfd1 c5 18. dxc5 Qxc5 19. Qb3 g5 20. Rac1 Qa5 21. Nc4 Qf5 22. Ne3 Qa5 23. Bc7 Rxd1 24. Qxb7 Re8 25. Bxa5 Rxc1 26. Qxa6 Bc5 27. Bd2 Rb1 28. Qb5 Bd4 29.
Ng4 Nd5 30. Qxe8+ Kg7 31. e3 Bxb2 32. e4 Nb6 33. Bxg5 Bd4 34. Bh6+ Kg6 35. Qg8+ Kh5 36.
Qg5# 1-0

[Event "*** Titled Tuesday Blitz"]
[Site "Chess.com"]
[Date "2019.09.03"]
[Round "4"]
[White "przemekpiotrowski"]
[Black "ElGasanov"]
[Result "0-1"]
[WhiteElo "2376"]
[BlackElo "2681"]
[TimeControl "180+2"]
[EndTime "15:51:34 PDT"]
[Termination "ElGasanov won by resignation"]

1. d4 d6 2. Nf3 Bg4 3. e4 Nf6 4. Nc3 e6 5. h3 Bh5 6. Be2 Be7 7.
Be3 O-O 8. Qd2 d5 9. e5 Nfd7 10. g4 Bg6 11. h4 c5 12. h5 Be4 13. O-O-O cxd4 14. Bxd4 Bxf3 15. Bxf3 Nc6 16. Qe2 Bg5+ 17.
Kb1 Bf4 18. Be3 Bxe3 19. fxe3 Ndxe5 20. h6 g6 21. Bg2 Qg5 22. e4 d4 23. Nb5 Rad8 24. Bh3 a6 25. Na3 b5 26. Ka1 Qe3 27. Qxe3 dxe3 28. Rde1 Nd4 29. c3 Ndf3 30. Rxe3 Rd2 31.
Nb1 Rc2 32. Rf1 Ng5 33. Rd1 Nc4 34. Red3 Rh2 35. Bf1 Nxb2 36. Na3 Nxd1 37. Rxd1 Nxe4 38. c4 Nc3 0-1

[Event "*** Titled Tuesday Blitz"]
[Site "Chess.com"]
[Date "2019.09.03"]
[Round "4"]
[White "area_5"]
[Black "Parhamov"]
[Result "0-1"]
[WhiteElo "2708"]
[BlackElo "2902"]
[TimeControl "180+2"]
[EndTime "15:51:35 PDT"]
[Termination "Parhamov won by resignation"]

1. e4 c5 2. Nf3 d6 3. d4 cxd4 4.
Qxd4 Nc6 5. Bb5 Bd7 6. Bxc6 bxc6 7. c4 e5 8. Qd3 Nf6 9. Nc3 h6 10. O-O Be7 11. b3 O-O 12. Rd1 Be6 13. Bb2 Qc7 14.
Rac1 Qb7 15. c5 Rfd8 16. cxd6 Bxd6 17. Qe2 Nh5 18. Na4 Nf4 19. Qe3 f6 20. Ne1 Bf8 21.
Nd3 Qc7 22. Nxf4 exf4 23. Qc3 c5 24. h3 Rxd1+ 25. Rxd1 c4 26. Rc1 Rc8 27. e5 f5 28.
Qd4 g5 29. bxc4 Qa5 30. c5 Rd8 31. Qc3 Qxa4 32. c6 Rc8 33. c7 Qd7 34. Qc2 f3 35. g3 Qf7 36. Kh2 f4 37. g4 h5 38.
Qc6 hxg4 39. hxg4 Re8 40. Qxf3 Rc8 41. Qc6 Bd5 42. e6 Qh7+ 0-1

[Event "*** Titled Tuesday Blitz"]
[Site "Chess.com"]
[Date "2019.09.03"]
[Round "4"]
[White "Mikhail_Golubev"]
[Black "HrvojeZagreb"]
[Result "1-0"]
[WhiteElo "2407"]
[BlackElo "2076"]
[TimeControl "180+2"]
[EndTime "15:51:37 PDT"]
[Termination "Mikhail_Golubev won by checkmate"]

1. e4 e6 2. d4 d5 3. Nc3 dxe4 4. Nxe4 Nd7 5. Bd3 Ngf6 6. Nxf6+ Nxf6 7. Bg5 c5 8. Qe2 a6 9. O-O-O Qc7 10. Bxf6 gxf6 11. d5 b5 12. Kb1 c4 13. Be4 Rb8 14. dxe6 Bxe6 15. Nf3 Bc5 16. Nh4 c3 17. Qf3 Qe5 18.
Rhe1 Qg5 19. Nf5 b4 20. h4 b3 21. axb3 Qg8 22. Bc6+ Kf8 23. Qf4 Rc8 24. Qh6+ Qg7 25. Qxg7# 1-0

[Event "*** Titled Tuesday Blitz"]
[Site "Chess.com"]
[Date "2019.09.03"]
[Round "4"]
[White "IMTominho"]
[Black "Andrei_Belozerov"]
[Result "0-1"]
[WhiteElo "2689"]
[BlackElo "2533"]
[TimeControl "180+2"]
[EndTime "15:51:38 PDT"]
[Termination "Andrei_Belozerov won by resignation"]

1. d4 d5 2. c4 c6 3. Nf3 Nf6 4.
Nc3 dxc4 5. a4 Bf5 6. e3 e6 7.
Bxc4 Bb4 8. O-O Nbd7 9. h3 O-O 10.
Qe2 Bg6 11. Rd1 Qe7 12. Bd2 Rfe8 13. a5 Rad8 14. a6 b5 15. Bb3 e5 16. dxe5 Nxe5 17.
Nxe5 Qxe5 18. Be1 Bd6 19. f4 Qe7 20. Bf2 b4 21. Na4 Bxf4 22. Qf3 Bb8 23. Rxd8 Rxd8 24. Rd1 Rxd1+ 25. Qxd1 Ne4 26. Be1 h5 27. Qd4 c5 28. Qd5 Qe5 29. Qxe5 Bxe5 30. Bd5 Bd6 31. Kf1 Kf8 32. Nb6 Nf6 33. Bb7 Bd3+ 34. Kf2 Bxa6 35. Bxa6 axb6 36. Bb7 Be5 37. b3 Bc3 38. Bxc3 bxc3 39.
Ba6 Nd5 40. Ke2 h4 0-1

[Event "*** Titled Tuesday Blitz"]
[Site "Chess.com"]
[Date "2019.09.03"]
[Round "4"]
[White "karinachess1"]
[Black "NormWeinstein"]
[Result "1-0"]
[WhiteElo "2563"]
[BlackElo "2373"]
[TimeControl "180+2"]
[EndTime "15:51:40 PDT"]
[Termination "karinachess1 won by resignation"]

1. e4 c5 2. Nf3 d6 3. d4 Nf6 4.
Nc3 cxd4 5. Nxd4 Nc6 6. g3 Nxd4 7. Qxd4 g6 8. Bg2 Bg7 9. e5 dxe5 10. Qxd8+ Kxd8 11. Be3 Bd7 12. Bxb7 Rb8 13. Ba6 Rxb2 14. O-O-O Rb8 15. Bxa7 Ra8 16. Bb6+ Ke8 17. Nb5 Kf8 18.
Nc7 Rb8 19. Be3 Bc6 20. Rhe1 Ng4 21. Ba7 Re8 22. Nxe8 Kxe8 23. Bb6 f5 24. Bc4 Bh6+ 25. Kb2 Kf8 26. h3 Nf6 27. Rxe5 Nd7 28. Re6 Nxb6 29.
Rxc6 Bg7+ 30. Kb3 1-0

[Event "*** Titled Tuesday Blitz"]
[Site "Chess.com"]
[Date "2019.09.03"]
[Round "4"]
[White "nOcHeaTiNgKiD"]
[Black "abubakrtagelsir"]
[Result "1-0"]
[WhiteElo "2465"]
[BlackElo "2249"]
[TimeControl "180+2"]
[EndTime "15:51:41 PDT"]
[Termination "nOcHeaTiNgKiD won by resignation"]

1. e4 d6 2. Bc4 Nf6 3. d3 g6 4. Nc3 Bg7 5. a3 O-O 6. Nge2 c6 7. Ba2 a5 8. Bd2 Na6 9. Qc1 Nc7 10. Bh6 Be6 11. Bb1 Na6 12. h4 Qb6 13. Be3 Qc7 14. h5 Ng4 15. Bf4 Qb6 16. Nd1 f6 17. f3 Ne5 18.
Be3 Qc7 19. hxg6 hxg6 20. Bh6 g5 21. Nd4 Bc8 22. Ne3 e6 23. Bxg7 Qxg7 24. Ba2 Nc7 25. Nef5 Qd7 26. f4 Nf7 27. fxg5 Nxg5 28. Qf4 d5 29.
Nh6+ Kg7 30. O-O-O Rh8 31. Ng4 Qe7 32. Rxh8 Kxh8 33.
Nxf6 e5 34. Qxg5 Qg7 35. Qh5+ 1-0

[Event "*** Titled Tuesday Blitz"]
[Site "Chess.com"]
[Date "2019.09.03"]
[Round "4"]
[White "tonyq11"]
[Black "guillembaches"]
[Result "0-1"]
[WhiteElo "2188"]
[BlackElo "2305"]
[TimeControl "180+2"]
[EndTime "15:51:44 PDT"]
[Termination "guillembaches won by checkmate"]

1. d4 Nf6 2. c4 e6 3. Nc3 Bb4 4. f3 d5 5. a3 Bxc3+ 6. bxc3 c5 7. e3 O-O 8. cxd5 Nxd5 9. Bd2 Nc6 10. Bd3 cxd4 11. cxd4 e5 12. Ne2 exd4 13. exd4 Nxd4 14. O-O Nxe2+ 15. Qxe2 Re8 16. Be4 Be6 17. Kh1 Qf6 18. Rfe1 Nc3 19. Qe3 Nxe4 20. fxe4 Qg6 21. Rac1 Bd5 22. Qg5 Bxe4 23. Qxg6 Bxg6 24. Rc7 Rxe1+ 25.
Bxe1 Re8 26. Bb4 Rd8 27. h4 Be4 28. Be7 Rd1+ 29. Kh2 h5 30. g3 Rh1# 0-1

[Event "*** Titled Tuesday Blitz"]
[Site "Chess.com"]
[Date "2019.09.03"]
[Round "4"]
[White "NTBT_DHS"]
[Black "chess3054"]
[Result "1-0"]
[WhiteElo "2698"]
[BlackElo "2482"]
[TimeControl "180+2"]
[EndTime "15:51:56 PDT"]
[Termination "NTBT_DHS won by resignation"]

1. d4 Nf6 2. Nc3 d5 3. Bg5 e6 4.
e4 dxe4 5. Nxe4 Be7 6. Nxf6+ Bxf6 7. Bxf6 Qxf6 8. Nf3 O-O 9. c3 Nd7 10. Bd3 e5 11. Qc2 h6 12. O-O-O exd4 13. Nxd4 Nc5 14. Rhe1 Bg4 15. f3 Be6 16. Nxe6 Nxe6 17. Kb1 Rad8 18. Qf2 b6 19. g3 Nc5 20. Bc2 Rxd1+ 21. Rxd1 Rd8 22. Rxd8+ Qxd8 23. b4 Ne6 24. f4 Qd6 25. a3 c5 26. Qf3 cxb4 27. axb4 Qd8 28. Qe4 Kf8 29. h4 a5 30. f5 Nc7 31. Qc6 axb4 32. cxb4 Kg8 33. Qxb6 f6 34. Qc5 Kh7 35. g4 Qb8 36. Qc4 Nb5 37. Kc1 Qe5 38. g5 hxg5 39.
hxg5 Qe1+ 40. Kb2 Qe5+ 41. Kb3 Nd4+ 42. Ka4 Qe8+ 43. b5 Nxc2 44. g6+ Kh8 45. Qxc2 Qxb5+ 46. Kxb5 1-0

[Event "*** Titled Tuesday Blitz"]
[Site "Chess.com"]
[Date "2019.09.03"]
[Round "4"]
[White "kinga2008"]
[Black "JussupowFan"]
[Result "1-0"]
[WhiteElo "1909"]
[BlackElo "2206"]
[TimeControl "180+2"]
[EndTime "15:51:57 PDT"]
[Termination "kinga2008 won by resignation"]

1. e4 a5 2. d4 a4 3. Bc4 h5 4. Nf3 h4 5. e5 e6 6. d5 h3 7. dxe6 dxe6 8. Qxd8+ Kxd8 9. gxh3 Bd7 10. Ng5 Nh6 11.
Be3 Nc6 12. f4 a3 13. Nxa3 Bxa3 14. bxa3 Rxa3 15. Bf2 Ke8 16. O-O-O Nf5 17. Rd2 Ra8 18.
Rhd1 Rd8 19. Nxf7 Kxf7 20. Rxd7+ Rxd7 21. Rxd7+ Kg6 22. Bxe6 Rxh3 23. Rf7 Nfd4 24. Bxh3 Kxf7 25. Kd2 g6 26. Kd3 Nf3 27. c3 Nxh2 28. Bg3 Nf3 29.
Ke3 Ncxe5 30. fxe5 Ng5 31. Bc8 b6 32. e6+ Nxe6 33.
Bxe6+ Kxe6 34. Bxc7 b5 35. Bg3 Kd5 36. Kd3 g5 37. a3 g4 38. Bf2 Ke5 39. Kc2 Ke4 40.
Kb3 Kf3 41. Ba7 Ke2 42. Kb4 Kd3 43. Bd4 g3 44. Kxb5 g2 45. a4 g1=Q 46. Bxg1 Kxc3 47. a5 1-0

[Event "*** Titled Tuesday Blitz"]
[Site "Chess.com"]
[Date "2019.09.03"]
[Round "4"]
[White "GadimbayliA"]
[Black "vinniethepooh"]
[Result "1-0"]
[WhiteElo "2871"]
[BlackElo "2591"]
[TimeControl "180+2"]
[EndTime "15:52:01 PDT"]
[Termination "GadimbayliA won by resignation"]

1. e4 c5 2. Nf3 d6 3. Bb5+ Nd7 4. O-O a6 5. Be2 Ngf6 6. d3 e6 7. a4 b6 8. Nc3 Bb7 9. Bf4 Be7 10. h3 h6 11. Bh2 Qc7 12. Nd2 g5 13. Nc4 Ne5 14. Bxe5 dxe5 15. Ra3 Bc6 16. Qd2 Nd7 17. Bh5 O-O 18.
Raa1 b5 19. Ne3 b4 20. Ne2 f5 21. exf5 exf5 22. Bg6 f4 23. Ng4 Kg7 24. Bh5 Bd6 25. Rfe1 Nb6 26. b3 Bxg2 27. Kxg2 f3+ 28. Kg1 fxe2 29. Ne3 e4 30. dxe4 Be5 31. Nf5+ Rxf5 32. exf5 Bxa1 33. Rxa1 Qe5 34. Re1 Qxf5 35. Rxe2 Nd5 36.
Bg4 Qf7 37. Be6 Qf6 38. Qxd5 Rd8 39. Qb7+ Kg6 40. Bg4 h5 41. Re6 hxg4 42. Rxf6+ Kxf6 43. Qb6+ Ke7 44. Qxc5+ Ke8 45. Qc6+ Ke7 46. hxg4 Rd6 47. Qe4+ Re6 48. Qxb4+ Kf6 49. Qd4+ 1-0

[Event "*** Titled Tuesday Blitz"]
[Site "Chess.com"]
[Date "2019.09.03"]
[Round "4"]
[White "ENEASZ"]
[Black "vanyakuba"]
[Result "1-0"]
[WhiteElo "2550"]
[BlackElo "2357"]
[TimeControl "180+2"]
[EndTime "15:52:06 PDT"]
[Termination "ENEASZ won by checkmate"]

1. e4 d5 2. exd5 Qxd5 3. Nc3 Qa5 4. d4 Nf6 5. Bc4 Nc6 6. a3 Bg4 7. f3 Be6 8. Bxe6 fxe6 9. Be3 O-O-O 10. Qe2 e5 11.
dxe5 Qxe5 12. Nh3 h6 13. Nf4 Qf5 14. Nd3 e5 15. O-O-O Nd4 16. Bxd4 exd4 17. Ne4 Nxe4 18. fxe4 Qg5+ 19. Kb1 Be7 20. e5 Rhf8 21. Rhf1 h5 22. Qe4 c5 23. b3 c4 24. bxc4 Bxa3 25. c5 Qe7 26. Rxf8 Qxf8 27. c6 Qe7 28. Ka2 b5 29. Rf1 b4 30. e6 Rd6 31. Nc5 b3+ 32. Nxb3 Rxe6 33. Qf5 g6 34. Qb5 Re5 35. Qa6+ Kd8 36. Qxa3 Qxa3+ 37. Kxa3 Re2 38. Nxd4 Rxg2 39. Rf7 Rxh2 40.
Ne6+ Kc8 41. Rf8# 1-0

[Event "*** Titled Tuesday Blitz"]
[Site "Chess.com"]
[Date "2019.09.03"]
[Round "4"]
[White "Kriari"]
[Black "Roman_Ovetchkin"]
[Result "1/2-1/2"]
[WhiteElo "2920"]
[BlackElo "2762"]
[TimeControl "180+2"]
[EndTime "15:52:07 PDT"]
[Termination "Game drawn by repetition"]

1. d4 Nf6 2. c4 g6 3. Nc3 Bg7 4.
g3 O-O 5. Bg2 d6 6. Nf3 Nbd7 7.
O-O e5 8. e4 c6 9. Be3 Ng4 10.
Bg5 Qb6 11. Be7 Re8 12. Bxd6 exd4 13. Na4 Qa5 14. b4 Qa6 15. Qb3 Nge5 16. Nxe5 Nxe5 17. Bxe5 Bxe5 18. f4 Bg7 19. e5 Bf8 20. Rfd1 Be6 21. Rxd4 b5 22. Nc5 Bxc5 23. bxc5 bxc4 24. Qe3 Rab8 25.
Rd6 Rec8 26. Rf1 Qxa2 27. f5 Rb2 28. Be4 Bd5 29. fxg6 Rg2+ 30. Kh1 Rxh2+ 31. Kg1 Rg2+ 32. Kh1 Rh2+ 33. Kg1 Rg2+ 34. Kh1 Rh2+ 1/2-1/2

[Event "*** Titled Tuesday Blitz"]
[Site "Chess.com"]
[Date "2019.09.03"]
[Round "4"]
[White "patrisiii123"]
[Black "fmshawnrl123"]
[Result "1-0"]
[WhiteElo "2390"]
[BlackElo "2655"]
[TimeControl "180+2"]
[EndTime "15:52:07 PDT"]
[Termination "patrisiii123 won by checkmate"]

1. e4 c6 2. d4 d5 3. exd5 cxd5 4. Bd3 Nc6 5. c3 Qc7 6. h3 g6 7. Nf3 Bg7 8. O-O Nf6 9. Bg5 O-O 10. Bh4 Bf5 11.
Bg3 Qd7 12. Bb5 Ne4 13. Ne5 Qc8 14. Bh2 Nxe5 15. Bxe5 Bxe5 16. dxe5 Rd8 17. Nd2 Qc7 18. Nf3 Rac8 19. Qd4 Nc5 20. Rfd1 Ne6 21. Qxa7 Nc5 22. Qa3 Be4 23. Be2 Bxf3 24. Bxf3 Qxe5 25. Qb4 h5 26. Rd4 Ne6 27. Rdd1 Ng5 28. Rd3 Rd7 29. Rad1 e6 30. a4 Rc4 31. Qxc4 dxc4 32. Rxd7 Nxf3+ 33. gxf3 Qg5+ 34. Kf1 Qf5 35. Kg2 Qc2 36. R1d2 Qxa4 37. Rxb7 Qa5 38. Rdd7 Qg5+ 39. Kh1 Qf4 40. Kg2 g5 41.
Rd4 Qe5 42. Rxc4 f5 43. Rc8# 1-0

[Event "*** Titled Tuesday Blitz"]
[Site "Chess.com"]
[Date "2019.09.03"]
[Round "4"]
[White "12teen"]
[Black "Vasily_Papin"]
[Result "1/2-1/2"]
[WhiteElo "2759"]
[BlackElo "2608"]
[TimeControl "180+2"]
[EndTime "15:52:08 PDT"]
[Termination "Game drawn by repetition"]

1. g3 c5 2. Bg2 Nc6 3. Nc3 g6 4.
e4 Bg7 5. f4 Rb8 6. Nf3 b5 7. d3 d6 8. h3 e6 9. g4 Nge7 10. Ne2 O-O 11. Ng3 f5 12. gxf5 exf5 13. h4 fxe4 14. dxe4 Bg4 15. h5 Nd4 16. c3 Nxf3+ 17.
Bxf3 Bxf3 18. Qxf3 d5 19. Be3 d4 20. Bd2 Nc6 21. hxg6 hxg6 22. Qg4 Qf6 23. O-O-O dxc3 24. bxc3 Rbd8 25. f5 Rxd2 26. Rxd2 Qxc3+ 27. Kd1 Nd4 28. Ne2 Nxe2 29. Kxe2 gxf5 30. Qg6 Qc4+ 31. Kd1 Qa4+ 32. Kc1 Qc4+ 33. Kd1 Qa4+ 34. Kc1 Qc4+ 35. Rc2 Qxe4 36. Qh7+ Kf7 37. Qh5+ Kg8 38. Qh7+ Kf7 39. Qh5+ Kg8 40. Qh7+ 1/2-1/2

[Event "*** Titled Tuesday Blitz"]
[Site "Chess.com"]
[Date "2019.09.03"]
[Round "4"]
[White "temus_galaktionov"]
[Black "Th3ChessViking"]
[Result "1-0"]
[WhiteElo "2620"]
[BlackElo "2447"]
[TimeControl "180+2"]
[EndTime "15:52:08 PDT"]
[Termination "temus_galaktionov won by resignation"]

1. d4 Nf6 2. Nf3 e6 3. c4 c5 4.
d5 exd5 5. cxd5 d6 6. Nc3 g6 7. h3 Bg7 8. e4 a6 9. a4 Nbd7 10. Bd3 Nh5 11. O-O Ne5 12. Be2 Nxf3+ 13. Bxf3 Qh4 14. Bxh5 gxh5 15. Kh2 Rg8 16. Qd3 Bd4 17. f4 Bd7 18. Bd2 Bf2 19. Be1 Bxe1 20. Raxe1 O-O-O 21. Re3 Rg7 22. Rg3 Qxg3+ 23. Qxg3 Rxg3 24. Kxg3 Rg8+ 25. Kh2 h4 26. Rf3 b5 27. axb5 axb5 28. f5 b4 29. Nb1 Ba4 30. Nd2 Bc2 31. Rf4 Kd7 32. Rxh4 Ke7 33.
Rxh7 Kf6 34. Rh4 Rc8 35. Nc4 Rd8 36. Rh6+ Ke7 37. f6+ Kd7 38. e5 dxe5 39. Nxe5+ Kc7 40.
Nxf7 Rxd5 41. Nh8 Rf5 42. g4 Rf1 43. g5 c4 44. f7 c3 45. bxc3 b3 46. Rf6 Rxf6 47.
gxf6 b2 48. f8=Q b1=Q 49. Qe7+ Kc6 50. Qe6+ Kc5 51. Qe5+ Kc4 52. Qd4+ Kb5 53. c4+ Ka6 54.
f7 Be4 55. f8=Q Qh1+ 56. Kg3 Qg1+ 57. Qxg1 1-0